[Event "Early-Titled-Tuesday-Blitz-April-23-2024"]
[Site "Chess.com"]
[Date "2024.04.23"]
[Round "4"]
[White "MagnusCarlsen"]
[Black "mbojan"]
[Result "1/2-1/2"]
[WhiteElo "3214"]
[BlackElo "2919"]
[TimeControl "180+1"]
[EndTime "8:39:48 PDT"]
[Termination "Game drawn by repetition"]

1. e4 a6 2. d4 e6 3. Bd3 d5 4. exd5 exd5 5. Nf3 Bd6 6. O-O Ne7 7. c4 dxc4 8. Bxc4 O-O 9. h3 Nbc6 10. Nc3 Bf5 11.
Re1 Ng6 12. Ng5 Nf4 13. Bxf4 Bxf4 14. Nxf7 Rxf7 15. Qf3 Qg5 16. Bxf7+ Kxf7 17. g3 Nxd4 18. Qd5+ Ne6 19. g4 Bxg4 20. hxg4 Qxg4+ 21. Qg2 Qxg2+ 22. Kxg2 Bd2 23. Re4 Bxc3 24. bxc3 Rd8 25. Rae1 Rd6 26. a4 Kf6 27. a5 g6 28. R1e3 g5 29. Kg3 h5 30. c4 b6 31. Re5 Rc6 32. axb6 cxb6 33. Rd5 Nf4 34. Rd8 Rxc4 35. Rf8+ Kg6 36. Rg8+ Kf6 37.
Rf8+ Kg6 38. Rg8+ Kf6 39. Rf8+ 1/2-1/2

[Event "Early-Titled-Tuesday-Blitz-April-23-2024"]
[Site "Chess.com"]
[Date "2024.04.23"]
[Round "4"]
[White "WiktoriaPOL"]
[Black "TokChess"]
[Result "0-1"]
[WhiteElo "2400"]
[BlackElo "2611"]
[TimeControl "180+1"]
[EndTime "8:39:49 PDT"]
[Termination "TokChess won on time"]

1. c4 c5 2. Nf3 Nf6 3. Nc3 Nc6 4. g3 e5 5. Bg2 h6 6. e3 Be7 7. d4 exd4 8. exd4 cxd4 9. Nxd4 O-O 10. O-O Bb4 11.
Nd5 Nxd5 12. Bxd5 Bc5 13. Be3 Qb6 14. Nf5 d6 15. Bxc5 dxc5 16. Qg4 Bxf5 17. Qxf5 Nd4 18. Qd3 Rfe8 19. b3 Rad8 20. Rfe1 Qd6 21. Kg2 b6 22.
Rad1 g6 23. Re3 Rxe3 24. fxe3 Nf5 25. Rf1 Rd7 26. g4 Nh4+ 27. Kh3 g5 28. Bxf7+ Kg7 29.
Bd5 Qe5 30. Rf2 Re7 31. e4 Ng6 32. Qe3 Nf4+ 33. Kg3 Nxd5+ 0-1

[Event "Early-Titled-Tuesday-Blitz-April-23-2024"]
[Site "Chess.com"]
[Date "2024.04.23"]
[Round "4"]
[White "LamaChampetre"]
[Black "Raskolnikov6"]
[Result "0-1"]
[WhiteElo "2192"]
[BlackElo "2390"]
[TimeControl "180+1"]
[EndTime "8:39:49 PDT"]
[Termination "Raskolnikov6 won by checkmate"]

1. d4 d5 2. c4 dxc4 3. Nc3 Nf6 4. Nf3 a6 5. a4 Nc6 6. g3 e5 7. d5 Na5 8. e4 Bd6 9. Nd2 h5 10. Nxc4 Nxc4 11. Bxc4 h4 12. Bg5 hxg3 13. fxg3 Bh3 14. Qf3 Qe7 15. Be2 O-O-O 16. O-O-O Kb8 17. Rd2 Bb4 18.
Qd3 Qc5 19. Be3 Qa5 20. Qc2 Bd7 21. Bd1 Ng4 22. Bg1 f5 23. Bxg4 fxg4 24. Be3 Rdf8 25. Rf2 Bxc3 26. Qxc3 Qxa4 27. Rhf1 Qa1+ 28. Kd2 Rxf2+ 29.
Rxf2 Ba4 30. Qxe5 Qd1+ 31. Kc3 Qb3+ 32. Kd2 Re8 33. Qc3 Qd1# 0-1

[Event "Early-Titled-Tuesday-Blitz-April-23-2024"]
[Site "Chess.com"]
[Date "2024.04.23"]
[Round "4"]
[White "2L8IWUN"]
[Black "LionelMessiFCB"]
[Result "0-1"]
[WhiteElo "2081"]
[BlackElo "2470"]
[TimeControl "180+1"]
[EndTime "8:39:50 PDT"]
[Termination "LionelMessiFCB won on time"]

1. d4 Nf6 2. Nf3 g6 3. g3 Bg7 4. Bg2 O-O 5. O-O d5 6. c4 c6 7.
Qb3 dxc4 8. Qxc4 Be6 9. Qd3 Nbd7 10. Nc3 Nb6 11. Re1 Bc4 12. Qc2 Nfd5 13. Nxd5 cxd5 14.
b3 Ba6 15. Bf4 Rc8 16. Qd2 Nd7 17. Rac1 Nf6 18. Ne5 Qb6 19. Bg5 Qd6 20. Bf4 Qe6 21.
Bf3 h5 22. Bg5 Ne4 23. Bxe4 dxe4 24. Bf4 Qd5 25. Red1 b6 26. Bh6 Rxc1 27. Qxc1 Rc8 28.
Qd2 Bf6 29. Bf4 Bb7 30. e3 g5 31. Qe2 gxf4 32. Qxh5 fxe3 33. fxe3 Bxe5 0-1

[Event "Early-Titled-Tuesday-Blitz-April-23-2024"]
[Site "Chess.com"]
[Date "2024.04.23"]
[Round "4"]
[White "scarabee43"]
[Black "Rud_Makarian"]
[Result "0-1"]
[WhiteElo "2842"]
[BlackElo "3017"]
[TimeControl "180+1"]
[EndTime "8:39:51 PDT"]
[Termination "Rud_Makarian won by resignation"]

1. Nf3 Nf6 2. c4 e6 3. Nc3 d5 4. e3 dxc4 5. Bxc4 a6 6. a4 c5 7. O-O Nc6 8. b3 Be7 9. Bb2 O-O 10. Qe2 Na5 11. Rfd1 Nxc4 12. bxc4 Bd7 13. Ne5 Be8 14. d4 Qc7 15. a5 Rc8 16. Na4 cxd4 17. Nb6 d3 18.
Nxd3 Rd8 19. Be5 Qc6 20. Rab1 Ne4 21. f3 Nf6 22. Nb4 Rxd1+ 23. Qxd1 Qc5 24. Bd4 Qxa5 25. Nd3 Qg5 26. Ne5 Bc6 27. Qe2 Rd8 28. Rd1 h5 29. Nd3 Nd7 30. Nxd7 Rxd7 31. Ne5 Rd8 32. Nxc6 bxc6 33.
f4 Qf5 34. g3 Qe4 35. Qxh5 c5 36. Qe5 Qxe5 37. fxe5 cxd4 38. exd4 Rxd4 0-1

[Event "Early-Titled-Tuesday-Blitz-April-23-2024"]
[Site "Chess.com"]
[Date "2024.04.23"]
[Round "4"]
[White "MatthewG-p4p"]
[Black "Oleksandr_Bortnyk"]
[Result "1/2-1/2"]
[WhiteElo "2903"]
[BlackElo "3106"]
[TimeControl "180+1"]
[EndTime "8:39:52 PDT"]
[Termination "Game drawn by repetition"]

1. e4 Nf6 2. e5 Nd5 3. d4 d6 4. Nf3 dxe5 5. Nxe5 c6 6. Be2 Bf5 7. O-O Nd7 8. Nf3 e6 9. c4 N5f6 10. Nh4 Bg6 11. Nc3 Bd6 12. g3 O-O 13. Nxg6 hxg6 14.
c5 Be7 15. b4 a5 16. b5 e5 17.
bxc6 bxc6 18. dxe5 Nxe5 19. Bf4 Ned7 20. Bf3 Rc8 21.
Na4 Nxc5 22. Nxc5 Bxc5 23. Rc1 Qb6 24. Qc2 Bd4 25. Rb1 Qa7 26. Qc4 Rfd8 27. Kg2 Nd5 28. Bd2 a4 29. h4 a3 30. Rb3 Bb2 31. Bg5 Nf6 32. Re1 Qd7 33. Rd1 Qe8 34. Rxd8 Qxd8 35.
Rb7 Rc7 36. Bxc6 Qc8 37. Qb3 Rxb7 38. Bxb7 Qf5 39. Bf3 Qd7 40. Qb8+ Kh7 41. Qb3 Kg8 42. Qb8+ Kh7 43. Qb3 Kg8 1/2-1/2

[Event "Early-Titled-Tuesday-Blitz-April-23-2024"]
[Site "Chess.com"]
[Date "2024.04.23"]
[Round "4"]
[White "NoVabbeSeiUnGenio"]
[Black "amylazy"]
[Result "0-1"]
[WhiteElo "2622"]
[BlackElo "2455"]
[TimeControl "180+1"]
[EndTime "8:39:52 PDT"]
[Termination "amylazy won on time"]

1. e4 c5 2. Nf3 e6 3. d4 cxd4 4.
c3 Nf6 5. e5 Nd5 6. cxd4 d6 7.
exd6 Bxd6 8. Nc3 O-O 9. Bd3 Nc6 10. a3 Nf4 11. Bxf4 Bxf4 12. Qe2 Nxd4 13. Qe4 Nxf3+ 14. Qxf3 e5 15. O-O Be6 16. Qxb7 Qxd3 17. Rad1 Qg6 18. g3 Rab8 19. Qxa7 Rxb2 20. Nd5 Bxd5 21.
Rxd5 Re2 22. a4 h5 23. Qa6 Qe4 24. Rd3 Bh6 25. h4 Ra8 26. Qb5 Ra2 27. Rd7 R2xa4 28.
Rfd1 Ra1 29. Rd8+ Kh7 30. Qb3 Rxd1+ 31. Rxd1 Rc8 32. Qxf7 Qg6 33. Qe7 e4 34. Rd6 Qf5 35. Qd7 Rc1+ 36. Rd1 Qxd7 0-1

[Event "Early-Titled-Tuesday-Blitz-April-23-2024"]
[Site "Chess.com"]
[Date "2024.04.23"]
[Round "4"]
[White "TangerineandLemon25"]
[Black "JoliyRoger"]
[Result "1-0"]
[WhiteElo "2615"]
[BlackElo "2411"]
[TimeControl "180+1"]
[EndTime "8:39:52 PDT"]
[Termination "TangerineandLemon25 won by checkmate"]

1. e4 c6 2. d4 d5 3. e5 Bf5 4. h4 Qb6 5. c3 e6 6. g4 Bxb1 7. Rxb1 c5 8. Nf3 Nc6 9. Be3 cxd4 10. Bxd4 Bc5 11. Bxc5 Qxc5 12. Bd3 Nge7 13. Qa4 h5 14. gxh5 Rxh5 15. Rg1 O-O-O 16. Qf4 g6 17. Qxf7 d4 18. Qxe6+ Kb8 19. Be4 dxc3 20. bxc3 Qxc3+ 21. Kf1 Rh7 22. Kg2 Rc8 23. Rgc1 Qa3 24. Bxc6 Nxc6 25. Rxc6 Rd8 26. Rd6 Rc8 27. Rd7 Rxd7 28. Qxd7 Qa6 29. Nd4 Ka8 30. Qxc8# 1-0

[Event "Early-Titled-Tuesday-Blitz-April-23-2024"]
[Site "Chess.com"]
[Date "2024.04.23"]
[Round "4"]
[White "JeFumeDesClopes"]
[Black "H3nriqueTV"]
[Result "1-0"]
[WhiteElo "2603"]
[BlackElo "2302"]
[TimeControl "180+1"]
[EndTime "8:39:53 PDT"]
[Termination "JeFumeDesClopes won by resignation"]

1. e4 c5 2. Nc3 e6 3. Nge2 g6 4. d4 cxd4 5. Qxd4 Qf6 6. e5 Qd8 7. Bf4 Nc6 8. Qd2 Bg7 9. Nb5 Nge7 10. Nd6+ Kf8 11. h4 h5 12. O-O-O Nxe5 13. Nd4 Nd5 14.
Bg3 a6 15. Kb1 Qc7 16. Ne4 b5 17. f4 Nc4 18. Bxc4 Qxc4 19. Nd6 Qc5 20. f5 Qxd4 21. Qxd4 Bxd4 22. Rxd4 gxf5 23. Nxf5 Bb7 24. Nd6 Bc6 25. Rf1 f5 26. c4 Nf6 27. Be5 Ke7 28. c5 Rhg8 29. g3 Ng4 30. Bf4 Bd5 31. Re1 Kd8 32. Nxf5 Nf6 33. Nd6 a5 34. Bg5 Rf8 35. Nxb5 Rb8 36.
Nc3 Kc7 37. Bxf6 Rxf6 38. Rxd5 Rf2 39. Nd1 Rg2 40. Rd3 1-0

[Event "Early-Titled-Tuesday-Blitz-April-23-2024"]
[Site "Chess.com"]
[Date "2024.04.23"]
[Round "4"]
[White "Matibar"]
[Black "Bykov_Egor"]
[Result "1-0"]
[WhiteElo "2843"]
[BlackElo "2617"]
[TimeControl "180+1"]
[EndTime "8:39:54 PDT"]
[Termination "Matibar won by resignation"]

1. e4 c5 2. Nf3 e6 3. b3 Nc6 4. Bb2 d6 5. d4 cxd4 6. Nxd4 Nf6 7. Nxc6 bxc6 8. Bd3 d5 9. Nd2 Bb4 10. c3 Bd6 11. Qe2 Qc7 12. c4 Be5 13. Bxe5 Qxe5 14. O-O O-O 15. Nf3 Qh5 16. e5 Nd7 17. Rac1 f6 18.
Rfe1 fxe5 19. Nxe5 Qxe2 20. Rxe2 Nxe5 21. Rxe5 Bd7 22.
f3 Rf4 23. Kf2 Raf8 24. cxd5 exd5 25. Rc5 Re8 26. Rxe8+ Bxe8 27. Ra5 Rf7 28. Ke3 g5 29. Kd4 h5 30. Ke5 Kg7 31. Kd6 g4 32. f4 Rxf4 33.
Rxa7+ Bf7 34. Re7 Rf6+ 35. Kc5 Kf8 36. Re2 h4 37. a4 g3 38. hxg3 hxg3 39. a5 Rf1 40. Re8+ Bxe8 41. Bxf1 Ke7 42. a6 1-0

[Event "Early-Titled-Tuesday-Blitz-April-23-2024"]
[Site "Chess.com"]
[Date "2024.04.23"]
[Round "4"]
[White "kids2010"]
[Black "maximnovik"]
[Result "1-0"]
[WhiteElo "2780"]
[BlackElo "2574"]
[TimeControl "180+1"]
[EndTime "8:39:54 PDT"]
[Termination "kids2010 won by checkmate"]

1. e4 c6 2. Nf3 d5 3. Nc3 Bg4 4.
h3 Bxf3 5. Qxf3 Nf6 6. e5 Nfd7 7. d4 e6 8. Ne2 c5 9. c3 Nc6 10. Be3 Qb6 11. Rb1 cxd4 12. Nxd4 Ncxe5 13. Qg3 Qa5 14. Bb5 a6 15. Bxd7+ Nxd7 16. O-O g6 17. Rfe1 Bg7 18.
Qd6 Be5 19. Qa3 Qxa3 20. bxa3 O-O-O 21. c4 Nf6 22. Rec1 Rd7 23. cxd5+ Rc7 24. dxe6 fxe6 25.
Nxe6 Rxc1+ 26. Rxc1+ Kd7 27. Nc5+ Ke7 28. Nd3 Bd6 29.
a4 Rd8 30. Rb1 Rd7 31. Bg5 Kf7 32. Rd1 Ne4 33. Be3 Ke6 34. Re1 Kf7 35. Bd4 Bh2+ 36. Kxh2 Rxd4 37. Ne5+ Kf6 38. Ng4+ Kf5 39. f3 Nf6 40. Re5+ Kf4 41. g3+ Kxf3 42. Re3# 1-0

[Event "Early-Titled-Tuesday-Blitz-April-23-2024"]
[Site "Chess.com"]
[Date "2024.04.23"]
[Round "4"]
[White "MatyChess1"]
[Black "AsaHoffmann"]
[Result "1-0"]
[WhiteElo "2674"]
[BlackElo "2401"]
[TimeControl "180+1"]
[EndTime "8:39:54 PDT"]
[Termination "MatyChess1 won by resignation"]

1. Nf3 d6 2. d4 Bg4 3. g3 Bxf3 4. exf3 c6 5. c4 e6 6. d5 exd5 7. cxd5 c5 8. Bb5+ Nd7 9. O-O Be7 10. Re1 Nf6 11. a4 O-O 12. a5 a6 13. Bc4 Re8 14. Nc3 Qc7 15. Bf4 Nh5 16. Be3 g6 17. f4 Ng7 18.
Bd3 c4 19. Bc2 Rac8 20. Ra4 Nc5 21. Rxc4 Qd8 22. b4 Nd7 23. Rxc8 Qxc8 24. Qd2 Bf6 25.
Ne4 Be7 26. Rc1 Nf5 27. Ba4 Qd8 28. Bb6 Nxb6 29. axb6 Rf8 30. Rc7 Bf6 31. Rd7 Qc8 32. Nxf6+ Kg7 33. Rc7 Qd8 34. Ne4 Re8 35. Bxe8 Qxe8 36.
Qc3+ Kh6 37. Ng5 Qe2 38. Rxf7 Qd1+ 39. Kg2 Qxd5+ 40. Qf3 1-0

[Event "Early-Titled-Tuesday-Blitz-April-23-2024"]
[Site "Chess.com"]
[Date "2024.04.23"]
[Round "4"]
[White "jakopogi"]
[Black "theoneandonlydaaevik"]
[Result "1-0"]
[WhiteElo "2794"]
[BlackElo "2576"]
[TimeControl "180+1"]
[EndTime "8:39:55 PDT"]
[Termination "jakopogi won on time"]

1. e4 c5 2. Nc3 e6 3. g3 Nc6 4. Bg2 Nf6 5. d3 Be7 6. f4 d5 7.
e5 Ng8 8. Nce2 h5 9. Nf3 Nh6 10. Be3 h4 11. Bh3 hxg3 12. hxg3 Ng4 13. Bg1 d4 14.
Qd2 f5 15. exf6 gxf6 16. c4 f5 17. O-O-O Bf6 18. Bg2 Rxh1 19. Bxh1 Bd7 20. Nh2 Ne3 21. Bxe3 dxe3 22. Qxe3 Qb6 23. Nc3 O-O-O 24. Nf3 Nb4 25. Ne5 Nc6 26. Na4 Qa5 27. Nxd7 Rxd7 28. Bxc6 bxc6 29.
b3 Bd4 30. Qxe6 Kc7 31. Qe1 Qa6 32. Kc2 Qc8 33. Rd2 Qd8 34. Re2 Kb7 35. Re5 Bxe5 36. Nxc5+ Kc8 37. Nxd7 Bd4 38. Ne5 1-0

[Event "Early-Titled-Tuesday-Blitz-April-23-2024"]
[Site "Chess.com"]
[Date "2024.04.23"]
[Round "4"]
[White "average_trans"]
[Black "littlepinkyboy"]
[Result "0-1"]
[WhiteElo "2242"]
[BlackElo "2661"]
[TimeControl "180+1"]
[EndTime "8:39:57 PDT"]
[Termination "littlepinkyboy won by resignation"]

1. d4 d5 2. Bf4 Nf6 3. e3 c5 4. c3 Nc6 5. h3 e6 6. Bb5 Bd6 7. Ne2 O-O 8. Nd2 a6 9. Ba4 b5 10. Bc2 c4 11. O-O Bb7 12. b3 cxb3 13. axb3 Rc8 14. Nf3 Bxf4 15. Nxf4 Ne7 16. Ne2 Qd6 17.
Nd2 Rc7 18. b4 Rfc8 19. Nb3 Nd7 20. Nc5 Nxc5 21. bxc5 Qd7 22. Qd3 f5 23. Nc1 e5 24.
Nb3 e4 25. Qe2 Nc6 26. Na5 Nxa5 27. Rxa5 Qe6 28. Bb3 Rf7 29. Rfa1 f4 30. exf4 Rxf4 31.
Qa2 Rcf8 32. Rxa6 Qf5 33. Rd6 Rxf2 34. Bxd5+ Kh8 35. Qb3 Qg5 36. g4 Qe3 0-1

[Event "Early-Titled-Tuesday-Blitz-April-23-2024"]
[Site "Chess.com"]
[Date "2024.04.23"]
[Round "4"]
[White "WindWhistler11"]
[Black "only_strong_moves"]
[Result "1-0"]
[WhiteElo "2531"]
[BlackElo "2702"]
[TimeControl "180+1"]
[EndTime "8:39:57 PDT"]
[Termination "WindWhistler11 won on time"]

1. Nf3 Nf6 2. g3 e6 3. c4 d5 4. Bg2 Be7 5. O-O O-O 6. b3 d4 7. e3 c5 8. exd4 cxd4 9. d3 Nc6 10. Re1 Nd7 11. Na3 Bb4 12. Re2 e5 13. Nc2 Bd6 14.
Bg5 Qc7 15. Rb1 a5 16. a3 Nc5 17. b4 axb4 18. axb4 Na4 19. Bd2 Bf5 20. c5 Be7 21. b5 Nb8 22. Nxe5 Nxc5 23. b6 Qd8 24. Bb4 Nba6 25.
Bxb7 Nxb4 26. Nxb4 Nxb7 27. Nec6 Qd7 28. Rxe7 Qc8 29.
Rc7 Qe6 30. Nxd4 Qf6 31. Nxf5 Qxf5 32. Rxb7 Rae8 33. Rc7 Qe5 34. Rc4 Qb8 35. Nd5 Qb7 36. Qf3 Kh8 37. Kg2 Re5 38. Nc7 Qb8 39. b7 Re7 40. Na6 Qa7 41. b8=Q 1-0

[Event "Early-Titled-Tuesday-Blitz-April-23-2024"]
[Site "Chess.com"]
[Date "2024.04.23"]
[Round "4"]
[White "ragnaroek66"]
[Black "MIss_MIaMI"]
[Result "1-0"]
[WhiteElo "2551"]
[BlackElo "2351"]
[TimeControl "180+1"]
[EndTime "8:39:57 PDT"]
[Termination "ragnaroek66 won on time"]

1. d4 c5 2. d5 g6 3. c4 Bg7 4. Nc3 Bxc3+ 5. bxc3 Qa5 6. Bd2 f5 7. e3 e5 8. dxe6 dxe6 9. e4 Nf6 10. Bd3 fxe4 11. Bc2 Qa6 12. Qe2 O-O 13. Nh3 e5 14.
Ng5 Bg4 15. Qf1 Qc6 16. h3 Bf5 17. g4 e3 18. gxf5 exd2+ 19. Kxd2 Rd8+ 20. Kc1 e4 21. fxg6 hxg6 22. Qe1 Re8 23. Rg1 Kg7 24. h4 Qd6 25.
Kb2 Qf4 26. Rd1 Nc6 27. h5 Ne5 28. hxg6 Nxc4+ 29. Ka1 Qe5 30. Nf7 Qe7 31. Bb3 b5 32. Bxc4 bxc4 33. Qe3 Rh8 34. Nxh8 Rxh8 35. Rh1 Nh5 36. f3 Qe5 37. Rd7+ Kf6 38. Rg1 Ng7 39.
Rf7+ Ke6 40. f4 1-0

[Event "Early-Titled-Tuesday-Blitz-April-23-2024"]
[Site "Chess.com"]
[Date "2024.04.23"]
[Round "4"]
[White "manmanlai1"]
[Black "RasSanti"]
[Result "1-0"]
[WhiteElo "2527"]
[BlackElo "2301"]
[TimeControl "180+1"]
[EndTime "8:39:58 PDT"]
[Termination "manmanlai1 won on time"]

1. e4 c6 2. d4 d5 3. e5 Bf5 4. h4 h5 5. Bd3 Bxd3 6. Qxd3 e6 7.
Bg5 Qa5+ 8. Nd2 Qa6 9. Qg3 c5 10. Ne2 Nc6 11. c3 cxd4 12. Nxd4 Nxd4 13. cxd4 Nh6 14.
Bxh6 Rxh6 15. Qe3 Rc8 16. Qe2 Rc2 17. Qxa6 bxa6 18. Ke2 Bb4 19. Rhd1 Rxb2 20. Rab1 Rxb1 21. Rxb1 a5 22. Nf3 Kd7 23. Rb3 Kc6 24. a3 Be7 25. a4 Bb4 26. Rb1 f6 27. Rc1+ Kd7 28. g3 Rh8 29. Kd3 Rc8 30. Rxc8 Kxc8 31. Ng1 Be1 32. Nh3 Kd7 33. Ke2 Bc3 34. Kd3 Be1 35.
Ke3 fxe5 36. dxe5 Kc6 37. Nf4 Kc5 38. Nxe6+ Kb4 39. Nxg7 Kxa4 40. e6 Bb4 41. f4 Kb3 42. f5 Be7 43. Nxh5 a4 44. f6 Bc5+ 45. Kf4 1-0

[Event "Early-Titled-Tuesday-Blitz-April-23-2024"]
[Site "Chess.com"]
[Date "2024.04.23"]
[Round "4"]
[White "frequentblunders"]
[Black "leoduarte"]
[Result "1-0"]
[WhiteElo "2207"]
[BlackElo "2331"]
[TimeControl "180+1"]
[EndTime "8:39:58 PDT"]
[Termination "frequentblunders won on time"]

1. e4 e5 2. Nc3 Nf6 3. Nf3 Nc6 4.
d4 exd4 5. Nd5 d6 6. Nxd4 Nxd5 7. exd5 Nxd4 8. Qxd4 Bf5 9. Bb5+ Bd7 10. Bxd7+ Qxd7 11. Bg5 f6 12. Bf4 b6 13. O-O-O O-O-O 14. Rhe1 a5 15.
Re6 Be7 16. Rde1 Bf8 17. g4 Kb7 18. h4 Qb5 19. c4 Qb4 20. Bd2 Qc5 21. Qxc5 dxc5 22. h5 Bd6 23. h6 gxh6 24. Rxf6 Rhf8 25. Ree6 Rxf6 26. Rxf6 Rg8 27. f3 h5 28. gxh5 Rg1+ 29.
Kc2 Rg2 30. Kd3 Be5 31. Rf7 Rf2 32. b3 Bd4 33. Be3 1-0

[Event "Early-Titled-Tuesday-Blitz-April-23-2024"]
[Site "Chess.com"]
[Date "2024.04.23"]
[Round "4"]
[White "djano"]
[Black "kuli4ik"]
[Result "0-1"]
[WhiteElo "2612"]
[BlackElo "2875"]
[TimeControl "180+1"]
[EndTime "8:39:59 PDT"]
[Termination "kuli4ik won on time"]

1. e4 g6 2. Nc3 Bg7 3. Bc4 a6 4. a4 e6 5. h4 h6 6. h5 g5 7.
d3 Ne7 8. f4 d5 9. Bb3 gxf4 10.
Qg4 Rg8 11. Qxf4 c5 12. Nf3 Nbc6 13. Bd2 c4 14. dxc4 d4 15. Ne2 e5 16. Qh2 Be6 17. a5 Qd6 18. Nc1 f5 19. c5 Qd7 20.
Qh4 O-O-O 21. O-O fxe4 22. Qxe4 Bf5 23. Qh4 Rgf8 24. Bc4 e4 25. Nh2 Ne5 26. Be2 e3 27. Be1 Bxc2 28. Bg3 Nf5 29. Rxf5 Bxf5 30. c6 Nxc6 31.
Nd3 Bxd3 32. Bxd3 Be5 33. Rc1 Kb8 34. Nf3 Bxg3 35. Qxg3+ Ka7 36. Be4 Qd6 0-1

[Event "Early-Titled-Tuesday-Blitz-April-23-2024"]
[Site "Chess.com"]
[Date "2024.04.23"]
[Round "4"]
[White "KononenkoD"]
[Black "N_I_Chess"]
[Result "1-0"]
[WhiteElo "2604"]
[BlackElo "2394"]
[TimeControl "180+1"]
[EndTime "8:39:59 PDT"]
[Termination "KononenkoD won on time"]

1. e4 Nf6 2. e5 Nd5 3. Nc3 Nb6 4. d4 d6 5. Nf3 g6 6. h4 h5 7. Bd3 Bg7 8. Qe2 Bg4 9. Bf4 Nc6 10. exd6 cxd6 11.
Qe3 O-O 12. Bh6 Nb4 13. Bxg7 Kxg7 14. O-O-O Rc8 15. Rhe1 e6 16. Qg5 Bxf3 17. Qxd8 Rfxd8 18. gxf3 a6 19. Bf1 Rc7 20. a3 N4d5 21. Ne4 Rdc8 22.
c3 Rc6 23. Kb1 Nf4 24. Re3 Nbd5 25. Ng5 Nxe3 26. fxe3 Nd5 27. Re1 Rb6 28. Kc2 Ne7 29. e4 Rd8 30. Bh3 a5 31. Bxe6 Rf8 32. Bh3 Rc6 33.
Kd3 Rc7 34. f4 b5 35. e5 dxe5 36. fxe5 b4 37. axb4 axb4 38. c4 b3 39. d5 Ra7 40. e6 f6 41. Ne4 Rd8 42. Kc3 Rb7 43.
d6 Nc6 44. c5 1-0

[Event "Early-Titled-Tuesday-Blitz-April-23-2024"]
[Site "Chess.com"]
[Date "2024.04.23"]
[Round "4"]
[White "Larina_Maria"]
[Black "Pelusiansky"]
[Result "0-1"]
[WhiteElo "2339"]
[BlackElo "2545"]
[TimeControl "180+1"]
[EndTime "8:39:59 PDT"]
[Termination "Pelusiansky won by resignation"]

1. e4 e5 2. Nf3 Nf6 3. Nc3 Nc6 4.
Bb5 Bb4 5. O-O O-O 6. d3 Bxc3 7. bxc3 d6 8. Nd2 Ne7 9. d4 Ng6 10. dxe5 Nxe5 11. f4 Nc6 12. Qf3 a6 13. Bd3 Nd7 14.
Bb2 Nc5 15. c4 f6 16. a4 a5 17. Nb3 Nxd3 18. cxd3 Nb4 19. Rfd1 c6 20. d4 d5 21. cxd5 cxd5 22. e5 Bf5 23. Nc5 b6 24. Nb3 Be4 25.
Qe3 Nc2 26. Qd2 Nxa1 27. Rxa1 Qd7 28. Qe3 Rac8 29. Nd2 Bf5 30. Ba3 Rfe8 31. Nf3 Qxa4 32. Nh4 Qd7 33. h3 Rc2 34. g4 Bxg4 35. Qg3 Bxh3 36.
exf6 Ree2 37. Be7 Rg2+ 38. Nxg2 Rxg2+ 39. Qxg2 Bxg2 40. Kxg2 gxf6 41. Bxf6 Qg4+ 42. Kh1 Qf3+ 43. Kg1 Qxf4 44. Be5 Qg4+ 45. Kf2 Qf5+ 46. Ke3 Qe4+ 47. Kd2 h5 48. Rg1+ Kf7 49. Rg6 Kxg6 0-1

[Event "Early-Titled-Tuesday-Blitz-April-23-2024"]
[Site "Chess.com"]
[Date "2024.04.23"]
[Round "4"]
[White "DeArron_Fox"]
[Black "Pasmendjambvirgulptipon98"]
[Result "0-1"]
[WhiteElo "2524"]
[BlackElo "2352"]
[TimeControl "180+1"]
[EndTime "8:39:59 PDT"]
[Termination "Pasmendjambvirgulptipon98 won on time"]

1. d4 d5 2. c4 c6 3. Nc3 Nf6 4. e3 e6 5. Nf3 Nbd7 6. Qc2 Bd6 7.
Bd3 dxc4 8. Bxc4 b5 9. Bd3 a6 10. O-O O-O 11. Ne4 Be7 12. Qxc6 Rb8 13. Nd6 Bxd6 14.
Qxd6 Bb7 15. b3 Bxf3 16. gxf3 Rb6 17. Qg3 e5 18. Bb2 e4 19. fxe4 Nh5 20. Qh3 Rh6 21. e5 Nf4 22. Qxh6 gxh6 23. exf4 Qh4 24. Rae1 Qg4+ 25.
Kh1 Qf3+ 26. Kg1 Qg4+ 27. Kh1 Qf3+ 28. Kg1 Qxd3 29. Re3 Qc2 30. Ba1 Rd8 31. d5 Nc5 32. Rg3+ Kf8 33. d6 Ne6 34. Kh1 Nxf4 35. f3 h5 36. Rfg1 Ng6 37. f4 Qe4+ 38. R1g2 Rc8 0-1

[Event "Early-Titled-Tuesday-Blitz-April-23-2024"]
[Site "Chess.com"]
[Date "2024.04.23"]
[Round "4"]
[White "maracayo"]
[Black "AlexTruskavetsky"]
[Result "0-1"]
[WhiteElo "2350"]
[BlackElo "2678"]
[TimeControl "180+1"]
[EndTime "8:39:59 PDT"]
[Termination "AlexTruskavetsky won by resignation"]

1. e4 c5 2. Nf3 Nc6 3. Bb5 g6 4. O-O Nf6 5. Re1 Bg7 6. Bxc6 dxc6 7. d3 O-O 8. Nbd2 Ne8 9. a4 e5 10. a5 Be6 11. b3 f6 12. Nc4 Nc7 13. Be3 Qe7 14.
c3 Rfd8 15. Qc2 Rd7 16. h3 Rad8 17. Red1 Nb5 18. Nb2 Qf7 19. Nd2 Bf8 20. Ndc4 Nc7 21. Na4 Na6 22. Rd2 h5 23. f3 Qg7 24. Rf1 g5 25.
Qd1 h4 26. Qe2 Qh7 27. Qf2 Qe7 28. Rb1 Rxd3 29. Rxd3 Rxd3 30. Nd2 Qd7 31. c4 Qd8 32.
Nf1 Qxa5 33. Qe2 Rd7 34. Rd1 Qd8 35. Rxd7 Qxd7 36. Qa2 Nb4 37. Qd2 Qxd2 38. Nxd2 b6 39. Kf1 Kf7 40. Ke2 Na6 41. Nc3 Nc7 42. Na4 Bd6 43.
Nb1 Na6 44. Nbc3 Bd7 45. Nd1 b5 46. Nab2 Nc7 47. Nc3 a5 48. Nd3 Na6 49. cxb5 cxb5 50. Nd5 Be6 51. Nb2 Bxd5 52. exd5 Nc7 53. Kd3 Nxd5 54. Bd2 Nb4+ 55. Bxb4 cxb4 56. Ke4 Ke6 57. Kd3 f5 58. Ke2 Bc5 0-1

[Event "Early-Titled-Tuesday-Blitz-April-23-2024"]
[Site "Chess.com"]
[Date "2024.04.23"]
[Round "4"]
[White "EddieMarsalla"]
[Black "Aradhya2000"]
[Result "1-0"]
[WhiteElo "2644"]
[BlackElo "2842"]
[TimeControl "180+1"]
[EndTime "8:40:00 PDT"]
[Termination "EddieMarsalla won by resignation"]

1. d4 d5 2. Bg5 h6 3. Bh4 c5 4. e3 Qb6 5. Nc3 e6 6. Rb1 Nc6 7. Nf3 Nge7 8. Be2 Nf5 9. dxc5 Bxc5 10. Bg3 Bxe3 11. fxe3 Nxe3 12. Qd3 Bd7 13. a3 Nxg2+ 14. Kd2 d4 15. Nb5 O-O 16. Bc7 Qc5 17. Rbg1 Ne3 18. Bd6 Qd5 19. Bxf8 Rxf8 20. Nbxd4 Nxd4 21. Qxd4 Qxd4+ 22. Nxd4 e5 23. Kxe3 exd4+ 24. Kxd4 Bc6 25. Rf1 Rd8+ 26. Kc3 Bxh1 27. Rxh1 Re8 28. Bc4 g6 29. Rd1 Re7 30. b4 Kg7 31. Kd4 f5 32. Rd2 Kf6 33. Bd5 g5 34. c4 f4 35. h3 Re3 36. Rd3 Re1 37.
Bxb7 h5 38. c5 g4 39. hxg4 hxg4 40. c6 f3 41. c7 f2 42. c8=Q f1=Q 43. Qf8+ Kg5 44.
Qxf1 Rxf1 45. Kc5 Kh4 46. Rd4 Rf5+ 47. Kc4 Rf8 48. Bc6 Kg5 49. Bd7 Rf3 50. Bxg4 Kf6 51.
Bxf3 1-0

[Event "Early-Titled-Tuesday-Blitz-April-23-2024"]
[Site "Chess.com"]
[Date "2024.04.23"]
[Round "4"]
[White "Kirill_Klukin"]
[Black "wadsy27"]
[Result "0-1"]
[WhiteElo "2828"]
[BlackElo "2635"]
[TimeControl "180+1"]
[EndTime "8:40:00 PDT"]
[Termination "wadsy27 won by resignation"]

1. d4 Nf6 2. Nf3 c5 3. e3 e6 4. Bd3 Be7 5. O-O O-O 6. b3 b6 7. Bb2 Bb7 8. Nbd2 d5 9. Ne5 Nc6 10. f4 Nxe5 11. fxe5 Ne4 12. Bxe4 dxe4 13. Qg4 cxd4 14.
exd4 Rc8 15. c4 e3 16. Nf3 f5 17. exf6 Rxf6 18. Rae1 Rg6 19. Qh3 Bg5 20. Ne5 Rf6 21.
Rxf6 Qxf6 22. Ng4 Qg6 23. Ne5 Qf6 24. Nf3 Rf8 25. Ba3 Bxf3 26. Qxf3 Qxf3 27. gxf3 Rxf3 28. Re2 Bf6 29. Bb2 Kf7 30. Kg2 Rf4 31. Rxe3 Bxd4 32.
Bxd4 Rxd4 33. Kf3 Rd2 34. Ke4 Rxh2 35. Rd3 Rxa2 36. Ke5 Re2+ 37. Kd6 g5 38. Kc6 h5 39. Kb7 h4 40. Kxa7 g4 41. Kxb6 h3 42. c5 h2 43. Rd1 g3 44. c6 Rc2 0-1